 Dungeon Crawl Stone Soup version 0.23-a0-519-ga799fc4 (webtiles) character file.

2657 tilp the Spear-Bearer (level 9, 0/65 HPs)
             Began as a Merfolk Ice Elementalist on Dec 6, 2018.
             Was a Believer of Makhleb.
             Slain by an ogre
             ... wielding a +0 giant spiked club
              (23 damage)
             ... on level 8 of the Dungeon.
             The game lasted 00:27:32 (9754 turns).

tilp the Spear-Bearer (Merfolk Ice Elementalist)    Turns: 9754, Time: 00:27:33

Health: 0/65       AC: 13    Str:  9    XL:     9   Next: 62%
Magic:  10/15      EV: 14    Int: 17    God:    Makhleb [**....]
Gold:   406        SH:  0    Dex: 14    Spells: 6/16 levels left

rFire    . . .     SeeInvis .   a - +0 spear (venom)
rCold    . . .     Gourm    .   (no shield)
rNeg     . . .     Faith    .   p - +0 robe
rPois    .         Spirit   .   q - +2 helmet
rElec    .         Reflect  .   r - +1 cloak
rCorr    .         Harm     .   (no gloves)
MR       .....                  (no boots)
Stlth    ++........             e - amulet of rage
HPRegen  0.20/turn              g - ring of wizardry
MPRegen  0.14/turn              (no ring)

@: icy armour
A: change form in water, swift swim, stealthy swim
a: Minor Destruction, Renounce Religion, Evoke Berserk Rage


You were on level 8 of the Dungeon.
You worshipped Makhleb.
Makhleb was pleased with you.
You were hungry.

You visited 2 branches of the dungeon, and saw 9 of its levels.
You also visited: Sewer and Ossuary.

You collected 406 gold pieces.

Inventory:

Hand Weapons
 a - a +0 spear of venom (weapon)
 b - a +0 hand axe of electrocution
 f - a cursed -1 hunting sling
 i - a +0 dagger
 j - a +3 dagger
Missiles
 d - 42 sling bullets
 v - 7 tomahawks (quivered)
 G - 168 stones
Armour
 p - a +0 robe (worn)
 q - a +2 helmet (worn)
 r - a +1 cloak (worn)
 I - the cursed +1 robe "Exkum" {rElec rC- Str+4 Int+8}
   (You found it on level 5 of the Dungeon)

   It affects your strength (+4).
   It affects your intelligence (+8).
   It makes you vulnerable to cold.
   It insulates you from electricity.
   It has a curse placed upon it.
Magical Staves
 E - an uncursed staff of wizardry {unknown}
Jewellery
 e - an amulet of rage (around neck)
 g - a ring of wizardry (left hand)
 B - an uncursed ring of ice {unknown}
Wands
 o - a wand of flame (19)
 y - a wand of paralysis (6)
 H - a wand of acid (8)
Scrolls
 k - 2 scrolls of random uselessness {unknown}
 l - a scroll of remove curse {unknown}
 n - a scroll of amnesia
 s - 6 scrolls of immolation
 t - 3 scrolls of teleportation
 x - a scroll of magic mapping {unknown}
 C - 4 scrolls of enchant armour
 N - a scroll of fog {unknown}
Potions
 h - 2 potions of brilliance
 m - 2 potions of mutation
 u - 2 potions of resistance
 w - a potion of degeneration {unknown}
 z - 5 potions of curing
 A - 2 potions of agility
 D - a potion of haste {unknown}
 F - 2 potions of might {unknown}
 J - a potion of flight {unknown}
 L - 2 potions of heal wounds
 M - 2 potions of ambrosia {unknown}
Comestibles
 c - 12 rations
 K - 5 chunks of flesh


   Skills:
 - Level 4.2 Fighting
 - Level 12.2 Polearms
 - Level 4.2 Dodging
 - Level 2.1 Stealth
 - Level 4.0 Spellcasting
 + Level 1.0 Conjurations
 + Level 0.8 Charms
 + Level 8.1 Ice Magic


You had 6 spell levels left.
You knew the following spells:

 Your Spells              Type           Power        Failure   Level  Hunger
a - Freeze                Ice            ####         1%          1    None
b - Throw Frost           Conj/Ice       ###...       1%          2    ##.....
c - Ozocubu's Armour      Chrm/Ice       ###.....     3%          3    ###....
d - Throw Icicle          Conj/Ice       ###.....     10%         4    ####...

Your spell library contained the following spells:

 Spells                   Type           Power        Failure   Level  Hunger
 Confusing Touch          Hex            #.....       6%          1    None
 Summon Ice Beast         Ice/Summ       ###.....     12%         4    ####...
 Confuse                  Hex            #.......     19%         3    ###....
 Gell's Gravitas          Tloc           #.........   19%         3    ###....
 Metabolic Englaciation   Hex/Ice        ###.......   32%         5    ######.
 Petrify                  Tmut/Erth      #.......     50%         4    ####...
 Yara's Violent Unravell  Hex/Tmut       #.........   83%         5    ######.


Dungeon Overview and Level Annotations

Branches:
Dungeon (8/15)             Temple (1/1) D:5
   Lair: D:8-11

Altars:
Ashenzari
Cheibriados
Elyvilon
Fedhas
Kikubaaqudgha
Makhleb
Trog
Vehumet
Wu Jian
Yredelemnul

Annotations:
D:4 Eustachio
D:5 vault - 2 rust devils
D:7 Prince Ribbit


Message History

The ogre is lightly wounded.
You hit the ogre.
The ogre looks as sick as possible!
The ogre is moderately wounded.
The ogre closely misses you.
You barely miss the ogre.
The ogre is moderately wounded.
You hit the ogre but do no damage.
The ogre looks as sick as possible!
The ogre is moderately wounded.
You hit the ogre.
The ogre looks as sick as possible!
The ogre is moderately wounded.
The ogre hits you with a +0 giant spiked club!!
Casting: Ozocubu's Armour (safe; 3% risk of failure)
Confirm with . or Enter, or press ? or * to list all spells.
Aiming: Freeze (safe; 1% risk of failure)
Press: ? - help, Shift-Dir - straight line, f - ogre
Aim: an ogre, wielding a +0 giant spiked club (heavily wounded, poisoned)
You freeze the ogre.
The ogre is heavily wounded.
The ogre hits you with a +0 giant spiked club!!
You die...

#### #...## #....#
.###....####
........O@.###
##...#####...# ##
######.## ...##..#
#.###.###### #
###............ #.
##........######
.§###.##..#####..#
§........## #..#


You could see an ogre.

Vanquished Creatures
  Pikel (D:8)
  A hippogriff (D:7)
  A hungry ghost (D:7)
  An ice beast (D:6)
  2 slaves (D:7)
  2 black bears
  2 ogres
  2 centaurs (D:6)
  A crocodile (Sewer)
  A bullfrog (D:5)
  A scorpion (D:4)
  A water moccasin skeleton (D:6)
  A howler monkey (D:5)
  A crimson imp (D:8)
  2 jellies
  3 centaur zombies (Ossuary)
  3 hounds
  Crazy Yiuf (D:2)
  A centaur skeleton (D:5)
  Ijyb (D:4)
  A bullfrog skeleton (D:5)
  8 worker ants
  3 iguanas
  An orc wizard (D:6)
  3 big kobold zombies (Ossuary)
  2 hound zombies
  2 hound skeletons
  2 mummies (Ossuary)
  A howler monkey skeleton (D:7)
  3 river rats (D:5)
  7 adders
  2 shadow imps
  An ooze (D:2)
  2 adder zombies (Ossuary)
  5 worms
  4 dart slugs
  5 leopard geckos
  10 orcs
  A ball python (D:4)
  14 bats
  3 giant cockroaches (D:2)
  13 goblins
  9 hobgoblins
  2 jackals (D:6)
  4 quokkas
  6 frilled lizards
  9 hobgoblin zombies (Ossuary)
  A jackal skeleton (D:7)
  7 kobolds
  10 kobold zombies (Ossuary)
  A leopard gecko skeleton (D:7)
  A leopard gecko zombie (D:5)
  9 orc zombies (Ossuary)
  9 rats
  A rat zombie (Ossuary)
  A fungus (D:2)
192 creatures vanquished.

Vanquished Creatures (others)
  A worker ant zombie (D:8)
  3 gnolls (D:8)
4 creatures vanquished.

Grand Total: 196 creatures vanquished

Notes
Turn   | Place    | Note
-------+----------+-------------------------------------------
     0 | D:1      | tilp the Merfolk Ice Elementalist began the quest for the
                  | Orb.
     0 | D:1      | Reached XP level 1. HP: 13/13 MP: 3/3
   405 | D:1      | Reached XP level 2. HP: 19/19 MP: 3/5
   411 | D:1      | Learned a level 2 spell: Throw Frost
  1028 | D:1      | Reached XP level 3. HP: 23/24 MP: 2/6
  1038 | D:1      | Learned a level 3 spell: Ozocubu's Armour
  1877 | D:2      | Found a faded altar of an unknown god.
  2107 | D:2      | Reached skill level 5 in Ice Magic
  2386 | D:2      | Reached XP level 4. HP: 22/30 MP: 5/7
  3274 | D:2      | Found a runed door.
  3278 | D:2      | Noticed Crazy Yiuf
  3283 | D:2      | Killed Crazy Yiuf
  3283 | D:2      | Reached XP level 5. HP: 21/35 MP: 2/8
  4280 | D:4      | Noticed Ijyb
  4302 | D:4      | Noticed Eustachio
  4407 | D:4      | Reached XP level 6. HP: 33/41 MP: 3/9
  4570 | D:4      | Killed Ijyb
  4767 | D:4      | Found a snail-covered altar of Cheibriados.
  5000 | D:4      | Found a bloodstained altar of Trog.
  5646 | D:5      | Entered Level 5 of the Dungeon
  5685 | D:5      | Reached skill level 1 in Fighting
  5702 | D:5      | Reached XP level 7. HP: 48/48 MP: 7/10
  5849 | D:5      | Found a glowing drain.
  5873 | Sewer    | Entered a sewer
  6540 | D:5      | Found a staircase to the Ecumenical Temple.
  6585 | Temple   | Entered the Ecumenical Temple
  6597 | Temple   | Became a worshipper of Makhleb the Destroyer
  6697 | D:5      | Learned a level 4 spell: Throw Icicle
  6779 | D:5      | Got a thick robe
  6861 | D:5      | Reached skill level 1 in Polearms
  7099 | D:6      | Reached skill level 2 in Polearms
  7124 | D:6      | Reached skill level 3 in Polearms
  7124 | D:6      | Reached XP level 8. HP: 52/60 MP: 4/11
  7193 | D:6      | Reached skill level 4 in Polearms
  7230 | D:6      | Found a sand-covered staircase.
  7235 | Ossuary  | Entered an ossuary
  7277 | Ossuary  | Reached skill level 5 in Polearms
  7278 | Ossuary  | Reached * piety under Makhleb
  7448 | Ossuary  | Reached skill level 6 in Polearms
  7460 | Ossuary  | Reached ** piety under Makhleb
  7717 | Ossuary  | Identified the cursed +1 robe "Exkum" {rElec rC- Str+4
                  | Int+8} (You found it on level 5 of the Dungeon)
  7939 | D:6      | Reached skill level 7 in Polearms
  8056 | D:5      | Noticed a rust devil
  8056 | D:5      | Noticed a rust devil
  8626 | D:7      | Reached skill level 8 in Polearms
  8694 | D:7      | Reached skill level 9 in Polearms
  8694 | D:7      | Reached XP level 9. HP: 47/65 MP: 15/15
  8736 | D:7      | Noticed Prince Ribbit
  8966 | D:7      | Reached skill level 10 in Polearms
  9244 | D:7      | Found a radiant altar of Vehumet.
  9244 | D:7      | Found an ornate altar of the Wu Jian Council.
  9519 | D:8      | Reached skill level 11 in Polearms
  9522 | D:8      | Noticed Pikel
  9576 | D:8      | Killed Pikel
  9576 | D:8      | Reached skill level 12 in Polearms
  9648 | D:8      | Found an ancient bone altar of Kikubaaqudgha.
  9744 | D:8      | Reached skill level 1 in Conjurations
  9754 | D:8      | Slain by an ogre

Vault maps used:
D:1:      dpeg_arrival_windows_large_door, kennysheep_minor_cross,
          chequers_big_river
D:2:      chequers_ecumenical_altar_lobes, corexii_shack,
          minmay_randomly_rotated_circles, uniq_crazy_yiuf_cottage
D:3:      first_ration
D:4:      lightli_temple_of_fire, kennysheep_slug_shrine, uniq_eustachio,
          uniq_ijyb
D:5:      cheibrodos_iron_armory, minmay_temple_entry_butterflies,
          lightli_sewer_entry_pipes, chequers_serial_rivers_micro_d
D:6:      nicolae_ossuary_entry_false_entrances
D:7:      gammafunk_temple_overflow_wave, uniq_prince_ribbit1
D:8:      basic_altar, hangedman_little_slice_of_home, lemuel_hellish_altar,
          uniq_psyche, uniq_pikel
Temple:   hc_temple_tempest_star
Sewer:    sewer_big_baddie
Ossuary:  ossuary_tomb_1

Skill      XL: |  1  2  3  4  5  6  7  8  9 |
---------------+----------------------------+-----
Ice Magic      | 4 5 6 7 8 |  8.1
Dodging        | 3 4 |  4.2
Fighting       | 1 4 |  4.2
Polearms       | 3 9 12 | 12.2
Spellcasting   | 4 |  4.0
Conjurations   | 1 |  1.0
Stealth        | |  2.1
Charms         | |  0.8

Action                   |  1- 3 |  4- 6 |  7- 9 || total
-------------------------+-------+-------+-------++-------
Melee: Unarmed           |    19 |       |       ||    19
       Club              |     3 |       |       ||     3
       Whip              |     6 |       |       ||     6
       Dagger            |    15 |    86 |    76 ||   177
       Hand axe          |       |       |   180 ||   180
       Tailslap          |       |       |     2 ||     2
       Spear             |       |       |   128 ||   128
Throw: Stone             |       |     1 |       ||     1
 Cast: Freeze            |    55 |    94 |    95 ||   244
       Throw Frost       |       |     5 |     4 ||     9
       Ozocubu's Armour  |       |       |     5 ||     5
  Use: Scroll            |       |     8 |     3 ||    11
       Potion            |       |     1 |     1 ||     2
 Stab: Sleeping          |     3 |     7 |     8 ||    18
       Distracted        |       |       |     2 ||     2
  Eat: Chunk             |     5 |    13 |    15 ||    33
       Ration            |       |       |     1 ||     1
Armor: Robe              |    16 |    28 |   124 ||   168
Dodge: Dodged            |    49 |    88 |   313 ||   450

Table legend:
 A = Non-vault XP
 B = Vault XP
 C = Vault XP percentage of total XP
 D = Non-vault monster count
 E = Vault monster count
 F = Vault count percentage of total count
                 A         B        C        D         E       F
            +---------+---------+-------+---------+---------+-------
      Total |    2657 |    1139 |  30.0 |     123 |      66 |  34.9
            +---------+---------+-------+---------+---------+-------
        D:1 |      51 |       0 |   0.0 |      29 |       0 |   0.0
        D:2 |      74 |      52 |  41.3 |      22 |       8 |  26.7
        D:3 |      48 |       0 |   0.0 |       8 |       0 |   0.0
        D:4 |     310 |      42 |  11.9 |      16 |       2 |  11.1
        D:5 |     343 |      62 |  15.3 |      14 |      10 |  41.7
        D:6 |     774 |       0 |   0.0 |      17 |       0 |   0.0
        D:7 |     883 |       0 |   0.0 |      14 |       0 |   0.0
        D:8 |     174 |     593 |  77.3 |       3 |       1 |  25.0
      Sewer |       0 |     109 | 100.0 |       0 |       6 | 100.0
    Ossuary |       0 |     281 | 100.0 |       0 |      39 | 100.0
            +---------+---------+-------+---------+---------+-------
